[Event "Biel Master Tournament 2019"]
[Site "Biel"]
[Date "2019.07.22"]
[Round "1.6"]
[White "Iturrizaga Bonelli, Eduardo"]
[Black "Ghazarian, Kirk"]
[Result "1-0"]
[ECO "E01"]
[WhiteElo "2625"]
[BlackElo "2243"]
[Annotator "ChessBase"]
[PlyCount "51"]
[EventDate "2019.07.20"]
[EventType "swiss"]
[EventCountry "SUI"]
[SourceTitle "playchess.com"]
[Source "ChessBase"]
[SourceQuality "1"]
[TimeControl "40/5400+30:1800+30"]

1. c4 e6 2. Nf3 d5 3. b3 Nf6 4. Bb2 c6 5. g3 Nbd7 6. Bg2 Bd6 7. d4 b6 8. O-O O-O 9. Nc3 Bb7 10. Nd2 Re8 11. e4 dxe4 12. Ndxe4 Nxe4 13. Nxe4 Bf8 14. Qc2 Rc8 15. Rad1 h6 16. f4 Qc7 17. g4 Rcd8 18. h4 c5 19. d5 exd5 20. cxd5 Ba6 21. d6 Qc8 22. Rfe1 Bb7 23. g5 h5 24. g6 fxg6 25. Ng5 Rxe1+ 26. Rxe1 1-0

[Event "Biel Master Tournament 2019"]
[Site "Biel"]
[Date "2019.07.22"]
[Round "1.7"]
[White "Piasetski, Leon"]
[Black "Martirosyan, Haik M."]
[Result "0-1"]
[ECO "A07"]
[WhiteElo "2229"]
[BlackElo "2619"]
[Annotator "ChessBase"]
[PlyCount "70"]
[EventDate "2019.07.20"]
[EventType "swiss"]
[EventCountry "SUI"]
[SourceTitle "playchess.com"]
[Source "ChessBase"]
[SourceQuality "1"]
[TimeControl "40/5400+30:1800+30"]

1. Nf3 d5 2. g3 Nc6 3. Bg2 e5 4. d3 f6 5. Nc3 Bb4 6. a3 Bxc3+ 7. bxc3 Nge7 8. Rb1 b6 9. Nd2 Be6 10. e4 O-O 11. O-O Qd7 12. exd5 Nxd5 13. Ne4 Bh3 14. Bxh3 Qxh3 15. c4 Nde7 16. f4 exf4 17. Bxf4 Qd7 18. Kh1 Nd4 19. Be3 Rad8 20. Bxd4 Qxd4 21. Qe2 Qd7 22. Rbe1 Nc6 23. Qg2 Ne5 24. Nc3 c6 25. a4 h6 26. a5 b5 27. cxb5 cxb5 28. a6 b4 29. Ne4 Qc6 30. Rb1 Rd4 31. Rf4 Rfd8 32. Nf2 Qxc2 33. Rxb4 Rxf4 34. gxf4 Nxd3 35. Nxd3 Qxd3 0-1

[Event "Biel Master Tournament 2019"]
[Site "Biel"]
[Date "2019.07.22"]
[Round "1.8"]
[White "Donchenko, Alexander"]
[Black "Hill, Alistair"]
[Result "1-0"]
[ECO "E60"]
[WhiteElo "2615"]
[BlackElo "2224"]
[Annotator "ChessBase"]
[PlyCount "59"]
[EventDate "2019.07.20"]
[EventType "swiss"]
[EventCountry "SUI"]
[SourceTitle "playchess.com"]
[Source "ChessBase"]
[SourceQuality "1"]
[TimeControl "40/5400+30:1800+30"]

1. d4 Nf6 2. c4 g6 3. g3 Bg7 4. Bg2 c5 5. dxc5 Na6 6. Nc3 Nxc5 7. Nh3 O-O 8. O-O d6 9. Nf4 Nfd7 10. Qd2 a5 11. b3 Ne5 12. Ba3 Nc6 13. Rfd1 Bf5 14. Rac1 Bh6 15. e3 Bg4 16. Nfe2 Nb4 17. h3 Bd7 18. Bxb4 axb4 19. Nd5 Bc6 20. Nxb4 Bxg2 21. Kxg2 Qa5 22. Rc2 Ne4 23. Qe1 Qh5 24. Nf4 Bxf4 25. exf4 f5 26. f3 e5 27. fxe4 exf4 28. gxf4 fxe4 29. Qe2 Qh6 30. Nd5 1-0

[Event "Biel Master Tournament 2019"]
[Site "Biel"]
[Date "2019.07.22"]
[Round "1.9"]
[White "Lukin, Elisha"]
[Black "Erdos, Viktor"]
[Result "0-1"]
[ECO "D85"]
[WhiteElo "2217"]
[BlackElo "2603"]
[Annotator "ChessBase"]
[PlyCount "78"]
[EventDate "2019.07.20"]
[EventType "swiss"]
[EventCountry "SUI"]
[SourceTitle "playchess.com"]
[Source "ChessBase"]
[SourceQuality "1"]
[TimeControl "40/5400+30:1800+30"]

1. d4 Nf6 2. c4 g6 3. Nc3 d5 4. cxd5 Nxd5 5. e4 Nxc3 6. bxc3 Bg7 7. Nf3 c5 8. Be3 Qa5 9. Qd2 O-O 10. Rc1 Nd7 11. Bd3 e5 12. d5 b5 13. c4 b4 14. h4 h5 15. O-O Qc7 16. Ng5 a5 17. g3 Nf6 18. f4 Ng4 19. f5 Bh6 20. Be2 Nxe3 21. Qxe3 f6 22. fxg6 Bh3 23. Rfd1 fxg5 24. hxg5 Bg7 25. Bxh5 Qc8 26. Qe2 Ra6 27. Kh2 Bd7 28. Rf1 Qd8 29. Rf7 Qxg5 30. Rcf1 Rxf7 31. Rxf7 Be8 32. Qf3 Rf6 33. Rxf6 Bxf6 34. d6 Kg7 35. Qd1 Bd7 36. Kg2 Kh6 37. Be2 Qe3 38. Kh2 Qf2+ 39. Kh1 Qxg3 0-1

[Event "Biel Master Tournament 2019"]
[Site "Biel"]
[Date "2019.07.22"]
[Round "1.10"]
[White "Tabatabaei, M.amin"]
[Black "Manish Anto Cristiano F"]
[Result "1-0"]
[ECO "A08"]
[WhiteElo "2601"]
[BlackElo "2208"]
[Annotator "ChessBase"]
[PlyCount "57"]
[EventDate "2019.07.20"]
[EventType "swiss"]
[EventCountry "SUI"]
[SourceTitle "playchess.com"]
[Source "ChessBase"]
[SourceQuality "1"]
[TimeControl "40/5400+30:1800+30"]

1. g3 d5 2. Nf3 Nf6 3. Bg2 c5 4. O-O Nc6 5. d3 e6 6. Nbd2 Bd6 7. e4 O-O 8. Re1 Bc7 9. c3 e5 10. exd5 Nxd5 11. Nc4 Re8 12. Qb3 h6 13. Qb5 Nb6 14. Be3 Qxd3 15. Na3 Qh7 16. Qxc5 a6 17. Nd2 Na4 18. Qc4 Nxb2 19. Qb3 Nd3 20. Be4 Bf5 21. Bxd3 Bxd3 22. Qxb7 Rac8 23. Qxc6 Ba5 24. Qa4 Bxc3 25. Rac1 Red8 26. Nac4 Bxd2 27. Nxd2 Rxc1 28. Rxc1 f5 29. Bb6 1-0

[Event "Biel Master Tournament 2019"]
[Site "Biel"]
[Date "2019.07.22"]
[Round "1.11"]
[White "Ludwig, Peter"]
[Black "Gopal G.N."]
[Result "0-1"]
[ECO "A38"]
[WhiteElo "2207"]
[BlackElo "2594"]
[Annotator "ChessBase"]
[PlyCount "57"]
[EventDate "2019.07.20"]
[EventType "swiss"]
[EventCountry "SUI"]
[SourceTitle "playchess.com"]
[Source "ChessBase"]
[SourceQuality "1"]
[TimeControl "40/5400+30:1800+30"]

1. Nf3 c5 2. c4 Nc6 3. Nc3 Nf6 4. g3 g6 5. Bg2 d6 6. O-O Bg7 7. a3 O-O 8. Rb1 Bf5 9. d3 Qd7 10. b4 Rac8 11. bxc5 dxc5 12. Nd5 b6 13. Bb2 Nxd5 14. cxd5 Nd4 15. Nxd4 cxd4 16. Qb3 Rc5 17. Rfc1 Rfc8 18. a4 h5 19. h4 Bg4 20. Kf1 Bh3 21. Bxh3 Qxh3+ 22. Kg1 g5 23. Rxc5 Rxc5 24. hxg5 h4 25. g6 hxg3 26. gxf7+ Kf8 27. fxg3 Be5 28. Ba3 Bxg3 29. Ra1 0-1

[Event "Biel Master Tournament 2019"]
[Site "Biel"]
[Date "2019.07.22"]
[Round "1.12"]
[White "Santos Latasa, Jaime"]
[Black "Baltic, Fatih"]
[Result "1/2-1/2"]
[ECO "A07"]
[WhiteElo "2594"]
[BlackElo "2203"]
[Annotator "ChessBase"]
[PlyCount "134"]
[EventDate "2019.07.20"]
[EventType "swiss"]
[EventCountry "SUI"]
[SourceTitle "playchess.com"]
[Source "ChessBase"]
[SourceQuality "1"]
[TimeControl "40/5400+30:1800+30"]

1. Nf3 Nf6 2. g3 d5 3. Bg2 e6 4. O-O a6 5. b3 c5 6. c4 Be7 7. cxd5 Nxd5 8. Bb2 O-O 9. d4 Nd7 10. e4 N5f6 11. Nc3 cxd4 12. Nxd4 Ne5 13. Nce2 Qb6 14. Qd2 Rd8 15. Rad1 Bd7 16. Bc3 a5 17. Qb2 a4 18. Rd2 axb3 19. axb3 Ba3 20. Qb1 Bb4 21. Rfd1 Be8 22. h3 Nc6 23. Qb2 Bxc3 24. Qxc3 Nxd4 25. Nxd4 Rac8 26. Qb2 Nd7 27. Kh2 f6 28. f4 Bf7 29. b4 Nf8 30. Nf3 Rxd2 31. Rxd2 Rc4 32. Rd4 Rxd4 33. Nxd4 Qc7 34. e5 fxe5 35. Nb5 Qc4 36. Nd6 Qd4 37. Qxd4 exd4 38. Bxb7 Nd7 39. Kg2 Kf8 40. Bc6 Nb6 41. Nxf7 Kxf7 42. Kf3 Ke7 43. Ke4 Kd6 44. b5 Kc5 45. Ke5 d3 46. Kxe6 Kd4 47. Bf3 Ke3 48. Bd1 Kf2 49. Kf7 g6 50. Kg7 Kxg3 51. Kxh7 Kxf4 52. Kxg6 Kg3 53. Bg4 Kh4 54. Kf5 Nc4 55. Kf6 d2 56. Ke6 Kg3 57. Ke7 Ne5 58. Bd1 Nc4 59. Kd7 Kxh3 60. Kc6 Kg3 61. Kc5 Na5 62. Kb4 Nb7 63. Kc3 Kf4 64. Kxd2 Ke5 65. Kc3 Kd6 66. Bf3 Kc5 67. Bxb7 Kxb5 1/2-1/2

[Event "Biel Master Tournament 2019"]
[Site "Biel"]
[Date "2019.07.22"]
[Round "1.13"]
[White "Misiano, Franco"]
[Black "Petrosyan, Manuel"]
[Result "0-1"]
[ECO "C36"]
[WhiteElo "2202"]
[BlackElo "2592"]
[Annotator "ChessBase"]
[PlyCount "160"]
[EventDate "2019.07.20"]
[EventType "swiss"]
[EventCountry "SUI"]
[SourceTitle "playchess.com"]
[Source "ChessBase"]
[SourceQuality "1"]
[TimeControl "40/5400+30:1800+30"]

1. e4 e5 2. f4 d5 3. exd5 exf4 4. Nf3 Nf6 5. Bb5+ c6 6. dxc6 Nxc6 7. d4 Bd6 8. O-O O-O 9. c3 Bg4 10. Nbd2 Rc8 11. Bc4 Ne7 12. h3 Bh5 13. Bd3 Ned5 14. Ne4 Re8 15. Qc2 Nxe4 16. Bxe4 Bg6 17. Bxg6 hxg6 18. Qb3 Nb6 19. Ne5 Bxe5 20. dxe5 g5 21. h4 Rc4 22. a4 Qc7 23. hxg5 Nd5 24. Bd2 Rxe5 25. Rae1 Qc5+ 26. Rf2 Rxe1+ 27. Bxe1 Re4 28. Qd1 Re5 29. Bd2 Rxg5 30. b4 Qb6 31. a5 Qh6 32. Bxf4 Nxf4 33. Rxf4 Rxg2+ 34. Kxg2 Qxf4 35. Qd8+ Kh7 36. Qd5 b6 37. axb6 axb6 38. c4 Qg4+ 39. Kf2 Kg6 40. Qc6+ f6 41. Qxb6 Qf4+ 42. Kg2 Qxc4 43. b5 Qd5+ 44. Kf2 Kf5 45. Qb8 Qd2+ 46. Kf1 Qc1+ 47. Kf2 Qc2+ 48. Kf1 Kg4 49. b6 f5 50. Qc7 Qb1+ 51. Kf2 Qb2+ 52. Kf1 Qb1+ 53. Kf2 Qb2+ 54. Kf1 f4 55. b7 Qa1+ 56. Kf2 Qd4+ 57. Kf1 Qd1+ 58. Kf2 Qd2+ 59. Kf1 Kg3 60. Qxg7+ Kf3 61. Qg4+ Kxg4 62. b8=Q Qd3+ 63. Kf2 Qd4+ 64. Kf1 Qc4+ 65. Kf2 Qa2+ 66. Ke1 Kg3 67. Qb6 Qc2 68. Qg1+ Qg2 69. Qd4 Qh1+ 70. Kd2 Qf1 71. Qg7+ Kh2 72. Qh6+ Kg1 73. Qh5 Qg2+ 74. Kd3 f3 75. Qc5+ f2 76. Ke2 Qe4+ 77. Kd2 Qe1+ 78. Kd3 Qd1+ 79. Ke4 Qg4+ 80. Kd3 Kg2 {[%emt 0:00:00] Kd4} 0-1

[Event "Biel Master Tournament 2019"]
[Site "Biel"]
[Date "2019.07.22"]
[Round "1.14"]
[White "Vaibhav, Suri"]
[Black "Aizenberg, Benny"]
[Result "1-0"]
[ECO "A35"]
[WhiteElo "2591"]
[BlackElo "2195"]
[Annotator "ChessBase"]
[PlyCount "83"]
[EventDate "2019.07.20"]
[EventType "swiss"]
[EventCountry "SUI"]
[SourceTitle "playchess.com"]
[Source "ChessBase"]
[SourceQuality "1"]
[TimeControl "40/5400+30:1800+30"]

1. c4 g6 2. Nc3 c5 3. Nf3 Nc6 4. e3 d6 5. d4 cxd4 6. exd4 Bg4 7. Be2 Bg7 8. O-O Nf6 9. h3 Bf5 10. d5 Nb8 11. Nd4 Bd7 12. Be3 O-O 13. Re1 a5 14. b3 Na6 15. Rb1 Nc5 16. Bf3 Ne8 17. Qd2 Nc7 18. a3 e5 19. dxe6 fxe6 20. b4 axb4 21. axb4 Na4 22. Nxa4 Rxa4 23. Bg5 Qa8 24. Be7 Ra2 25. Qe3 Bxd4 26. Qxd4 Rxf3 27. gxf3 b5 28. Bxd6 Qxf3 29. Qf4 Qxf4 30. Bxf4 Na6 31. Rbd1 Bc6 32. Rxe6 Nxb4 33. Rb1 Nd3 34. Rxc6 Nxf4 35. cxb5 Nxh3+ 36. Kg2 Nxf2 37. b6 Ne4+ 38. Kg1 Nd2 39. b7 Nf3+ 40. Kf1 Nd2+ 41. Ke1 Nf3+ 42. Kd1 1-0

[Event "Biel Master Tournament 2019"]
[Site "Biel"]
[Date "2019.07.22"]
[Round "1.15"]
[White "Cohen Revivo, Shoham"]
[Black "Sedlak, Nikola"]
[Result "1-0"]
[ECO "B12"]
[WhiteElo "2254"]
[BlackElo "2586"]
[Annotator "ChessBase"]
[PlyCount "99"]
[EventDate "2019.07.20"]
[EventType "swiss"]
[EventCountry "SUI"]
[SourceTitle "playchess.com"]
[Source "ChessBase"]
[SourceQuality "1"]
[TimeControl "40/5400+30:1800+30"]

1. e4 c6 2. d4 d5 3. e5 c5 4. dxc5 e6 5. Nf3 Bxc5 6. Bd3 Ne7 7. O-O Ng6 8. Qe2 Nc6 9. c3 f6 10. exf6 Qxf6 11. Bg5 Qf7 12. c4 O-O 13. Nc3 Kh8 14. Rad1 b6 15. a3 a5 16. Be3 Nf4 17. Bxf4 Qxf4 18. cxd5 exd5 19. Nxd5 Qh6 20. Qd2 Bg4 21. Qxh6 gxh6 22. Be4 Rae8 23. Rfe1 Ne5 24. b4 axb4 25. axb4 Bd6 26. h3 Nxf3+ 27. Bxf3 Bxf3 28. gxf3 b5 29. Rxe8 Rxe8 30. Rd4 Kg7 31. Kg2 Rc8 32. f4 Kf7 33. Kf3 Bf8 34. f5 Rc2 35. Ne3 Rb2 36. Rd7+ Ke8 37. Rxh7 Bxb4 38. f6 Bc5 39. Ng4 Kd8 40. Ke4 Rd2 41. Ne5 Rd4+ 42. Kf5 Kc8 43. f7 b4 44. Rxh6 Kb7 45. Rc6 Bf8 46. Rc2 Rd5 47. f4 b3 48. Rb2 Rb5 49. Ke6 Ba3 50. Nc4 1-0

[Event "Biel Master Tournament 2019"]
[Site "Biel"]
[Date "2019.07.22"]
[Round "1.16"]
[White "Antipov, Mikhail Al."]
[Black "Schweizer, Simon"]
[Result "1-0"]
[ECO "C95"]
[WhiteElo "2582"]
[BlackElo "2163"]
[Annotator "ChessBase"]
[PlyCount "81"]
[EventDate "2019.07.20"]
[EventType "swiss"]
[EventCountry "SUI"]
[SourceTitle "playchess.com"]
[Source "ChessBase"]
[SourceQuality "1"]
[TimeControl "40/5400+30:1800+30"]

1. e4 e5 2. Nf3 Nc6 3. Bb5 a6 4. Ba4 Nf6 5. O-O Be7 6. Re1 b5 7. Bb3 d6 8. c3 O-O 9. h3 Nb8 10. d4 Nbd7 11. Nbd2 Bb7 12. c4 h6 13. Qe2 c6 14. a4 bxa4 15. Bxa4 c5 16. d5 Nb6 17. Bc2 a5 18. Nb1 Ba6 19. Nfd2 Bc8 20. Nf1 Re8 21. Bd2 a4 22. Nc3 Bd7 23. Ne3 Bf8 24. Ra3 g6 25. Rea1 Bg7 26. Kh2 Qe7 27. Ned1 Nh5 28. Nxa4 Nxa4 29. Bxa4 Bxa4 30. Rxa4 Rxa4 31. Rxa4 Nf4 32. Qf3 Qd7 33. Qa3 Rb8 34. Nc3 Bf8 35. Nb5 Qd8 36. Ra7 Qh4 37. Qf3 h5 38. Ra3 g5 39. Bxf4 Qxf4+ 40. g3 Qc1 41. Ra7 1-0

[Event "Biel Master Tournament 2019"]
[Site "Biel"]
[Date "2019.07.22"]
[Round "1.17"]
[White "Zulfic, Fedja"]
[Black "Lalith Babu M R"]
[Result "0-1"]
[ECO "A47"]
[WhiteElo "2160"]
[BlackElo "2580"]
[Annotator "ChessBase"]
[PlyCount "66"]
[EventDate "2019.07.20"]
[EventType "swiss"]
[EventCountry "SUI"]
[SourceTitle "playchess.com"]
[Source "ChessBase"]
[SourceQuality "1"]
[TimeControl "40/5400+30:1800+30"]

1. d4 Nf6 2. Nf3 e6 3. Bf4 c5 4. e3 b6 5. Nbd2 Bb7 6. Nc4 cxd4 7. exd4 b5 8. Nd6+ Bxd6 9. Bxd6 Ne4 10. Bf4 Qa5+ 11. Bd2 Nxd2 12. Qxd2 Qxd2+ 13. Nxd2 Nc6 14. Nb3 a6 15. a3 Ne7 16. f3 Nd5 17. Kf2 Ke7 18. c3 Nb6 19. Nc5 Bd5 20. Bd3 d6 21. Ne4 Bc4 22. Bc2 Rab8 23. Rhb1 Rhc8 24. a4 bxa4 25. Bxa4 Nxa4 26. Rxa4 Bd3 27. Raa1 Bxb1 28. Rxb1 Rb6 29. Nd2 Rcb8 30. b3 Rc8 31. Rc1 a5 32. Ke2 a4 33. b4 Rxb4 0-1

[Event "Biel Master Tournament 2019"]
[Site "Biel"]
[Date "2019.07.22"]
[Round "1.18"]
[White "Moussard, Jules"]
[Black "Giacomini, Hector"]
[Result "1-0"]
[ECO "B18"]
[WhiteElo "2576"]
[BlackElo "2156"]
[Annotator "ChessBase"]
[PlyCount "103"]
[EventDate "2019.07.20"]
[EventType "swiss"]
[EventCountry "SUI"]
[SourceTitle "playchess.com"]
[Source "ChessBase"]
[SourceQuality "1"]
[TimeControl "40/5400+30:1800+30"]

1. e4 c6 2. Nc3 d5 3. d4 dxe4 4. Nxe4 Bf5 5. Qf3 e6 6. c3 Nf6 7. Ng3 Bg6 8. N1e2 Qd5 9. Qe3 Bd6 10. Nf4 Bxf4 11. Qxf4 O-O 12. c4 Qd8 13. Be2 Nbd7 14. O-O Re8 15. b3 a5 16. Ba3 a4 17. Bd6 Nf8 18. Bc7 Qc8 19. b4 b5 20. Be5 N8d7 21. cxb5 Nd5 22. Qd2 Nxe5 23. dxe5 cxb5 24. Bxb5 Rd8 25. Be2 Qb8 26. a3 Qxe5 27. Rfd1 h6 28. Rac1 Nf4 29. Qe3 Nxe2+ 30. Nxe2 Qb2 31. h3 Rac8 32. Rxd8+ Rxd8 33. Nf4 Bc2 34. Kh2 Bb3 35. Rc7 Qf6 36. Nd3 Qd4 37. Qxd4 Rxd4 38. Nc5 Rd2 39. f3 Ra2 40. b5 Bd5 41. Kg3 Rb2 42. Rc8+ Kh7 43. Rb8 g5 44. b6 f5 45. h4 f4+ 46. Kh3 e5 47. Rd8 g4+ 48. Kxg4 Rxg2+ 49. Kf5 Bxf3 50. Rd7+ Kh8 51. Kxe5 Bc6 52. Rc7 1-0

[Event "Biel Master Tournament 2019"]
[Site "Biel"]
[Date "2019.07.22"]
[Round "1.19"]
[White "Damianou, Ioannis"]
[Black "Brkic, Ante"]
[Result "0-1"]
[ECO "B81"]
[WhiteElo "2154"]
[BlackElo "2573"]
[Annotator "ChessBase"]
[PlyCount "154"]
[EventDate "2019.07.20"]
[EventType "swiss"]
[EventCountry "SUI"]
[SourceTitle "playchess.com"]
[Source "ChessBase"]
[SourceQuality "1"]
[TimeControl "40/5400+30:1800+30"]

1. e4 c5 2. Nf3 d6 3. d4 cxd4 4. Nxd4 Nf6 5. Nc3 a6 6. h3 e6 7. g4 h6 8. Bg2 Be7 9. Be3 Nc6 10. Qd2 Nxd4 11. Qxd4 e5 12. Qd2 b5 13. a3 Be6 14. O-O-O Nd7 15. f4 exf4 16. Bxf4 Ne5 17. Nd5 Nc4 18. Qd4 Bxd5 19. Qxd5 Rc8 20. e5 dxe5 21. Bxe5 Qxd5 22. Rxd5 O-O 23. Kb1 Rfe8 24. Bd4 Bh4 25. Rd7 Red8 26. Rxd8+ Rxd8 27. Bc3 Rd6 28. b3 Ne3 29. Be4 Nd1 30. Bb4 Rd7 31. Bf3 Ne3 32. Rh2 Nf1 33. Rg2 Bg5 34. Rf2 Nd2+ 35. Bxd2 Bxd2 36. Kb2 Bg5 37. c4 bxc4 38. bxc4 Rd3 39. a4 Bf6+ 40. Ka2 Rc3 41. Bd5 Rxh3 42. Rc2 Rd3 43. Bb7 a5 44. Bd5 Kf8 45. Re2 Rd4 46. Re4 Rd3 47. Kb1 g6 48. Kc2 Ra3 49. Bc6 Be7 50. Kd2 Bc5 51. Ke2 Kg7 52. Re5 Bb4 53. Bb5 Kf6 54. Rd5 Rc3 55. Kf2 Ke6 56. Bd7+ Ke7 57. Bb5 Bd6 58. Ba6 Bb4 59. Bb5 f5 60. gxf5 g5 61. Re5+ Kf6 62. Re6+ Kxf5 63. Rxh6 g4 64. Bd7+ Kg5 65. Rc6 Rc2+ 66. Kf1 g3 67. Rc8 g2+ 68. Kg1 Kf4 69. Be6 Bc3 70. Rd8 Ke5 71. Bh3 Bd4+ 72. Rxd4 Kxd4 73. Bxg2 Rxc4 74. Kf2 Rxa4 75. Bc6 Ra2+ 76. Ke1 a4 77. Kd1 Ke5 0-1

[Event "Biel Master Tournament 2019"]
[Site "Biel"]
[Date "2019.07.22"]
[Round "1.20"]
[White "Santos Ruiz, Miguel"]
[Black "Ferster, Fabian"]
[Result "1-0"]
[ECO "D07"]
[WhiteElo "2567"]
[BlackElo "2150"]
[Annotator "ChessBase"]
[PlyCount "65"]
[EventDate "2019.07.20"]
[EventType "swiss"]
[EventCountry "SUI"]
[SourceTitle "playchess.com"]
[Source "ChessBase"]
[SourceQuality "1"]
[TimeControl "40/5400+30:1800+30"]

1. d4 d5 2. c4 Nc6 3. cxd5 Qxd5 4. e3 e5 5. Nc3 Bb4 6. Bd2 Bxc3 7. bxc3 Nf6 8. c4 Qd6 9. d5 Nb8 10. Qb1 Na6 11. Ne2 O-O 12. Nc3 c6 13. e4 Nc5 14. Be2 Rb8 15. O-O b5 16. cxb5 cxd5 17. exd5 Nxd5 18. Nxd5 Qxd5 19. Rd1 Bb7 20. Bf1 Rfc8 21. Be3 Qe6 22. Qb4 Ne4 23. Rac1 Ra8 24. Rxc8+ Rxc8 25. Qa5 Qe7 26. Qxa7 Nc3 27. Bc5 Rxc5 28. Qxb7 Qe8 29. Rd2 g6 30. b6 Na4 31. Qa7 Rc1 32. b7 Rb1 33. Qa8 1-0

[Event "Biel Master Tournament 2019"]
[Site "Biel"]
[Date "2019.07.23"]
[Round "2.2"]
[White "Vasanthan Perumal, Vishnu Prasanna"]
[Black "Nabaty, Tamir"]
[Result "0-1"]
[ECO "C70"]
[WhiteElo "2503"]
[BlackElo "2678"]
[Annotator "ChessBase"]
[PlyCount "48"]
[EventDate "2019.07.20"]
[EventType "swiss"]
[EventCountry "SUI"]
[SourceTitle "playchess.com"]
[Source "ChessBase"]
[SourceQuality "1"]
[TimeControl "40/5400+30:1800+30"]

1. e4 e5 2. Nf3 Nc6 3. Bb5 a6 4. Ba4 Bc5 5. O-O d6 6. d4 exd4 7. Nxd4 Nge7 8. c3 O-O 9. Bg5 Ne5 10. Nd2 h6 11. Bh4 N5g6 12. Bg3 f5 13. exf5 Nxf5 14. Qe2 Bxd4 15. cxd4 Nxd4 16. Qc4+ Ne6 17. Bb3 Kh8 18. f4 Nh4 19. Rae1 Nc5 20. Bxh4 Qxh4 21. Bc2 Bd7 22. a4 b5 23. Qd4 bxa4 24. Ne4 Ne6 0-1

[Event "Biel Master Tournament 2019"]
[Site "Biel"]
[Date "2019.07.23"]
[Round "2.7"]
[White "Mittal, Aditya"]
[Black "Donchenko, Alexander"]
[Result "0-1"]
[ECO "E01"]
[WhiteElo "2429"]
[BlackElo "2615"]
[Annotator "ChessBase"]
[PlyCount "78"]
[EventDate "2019.07.20"]
[EventType "swiss"]
[EventCountry "SUI"]
[SourceTitle "playchess.com"]
[Source "ChessBase"]
[SourceQuality "1"]
[TimeControl "40/5400+30:1800+30"]

1. d4 d5 2. c4 e6 3. Nc3 c6 4. Nf3 Nf6 5. g3 dxc4 6. Bg2 Nbd7 7. O-O b5 8. e4 Bb7 9. e5 Nd5 10. Ng5 h6 11. Nxe6 fxe6 12. Qh5+ Ke7 13. Ne4 Qe8 14. Bg5+ hxg5 15. Qxh8 Kd8 16. Nxg5 Qe7 17. Qh5 N7b6 18. Qg6 Bc8 19. Bh3 Qe8 20. Qxe8+ Kxe8 21. Bxe6 Be7 22. Bxc8 Rxc8 23. Ne4 Rd8 24. Rfe1 Nb4 25. Nd6+ Kf8 26. Re4 Bxd6 27. exd6 Nd3 28. Re7 a5 29. Ra7 Rxd6 30. Rxa5 Nxb2 31. Re1 Rxd4 32. Re3 Rd3 33. Re2 c3 34. Ra3 c2 35. Rxc2 Rxa3 36. Rxc6 Nd7 37. Rc7 Ke7 38. Rb7 Ra5 39. h4 Kd6 0-1

[Event "Biel Master Tournament 2019"]
[Site "Biel"]
[Date "2019.07.23"]
[Round "2.9"]
[White "Erdos, Viktor"]
[Black "Low, Zhen Yu Cyrus"]
[Result "1-0"]
[ECO "D30"]
[WhiteElo "2603"]
[BlackElo "2155"]
[Annotator "ChessBase"]
[PlyCount "87"]
[EventDate "2019.07.20"]
[EventType "swiss"]
[EventCountry "SUI"]
[SourceTitle "playchess.com"]
[Source "ChessBase"]
[SourceQuality "1"]
[TimeControl "40/5400+30:1800+30"]

1. Nf3 Nf6 2. c4 e6 3. d4 d5 4. Bg5 h6 5. Bxf6 Qxf6 6. e3 g6 7. Qb3 c6 8. Nbd2 Nd7 9. Bd3 Bg7 10. O-O O-O 11. Rac1 b6 12. cxd5 exd5 13. Qa4 c5 14. Ba6 Qe6 15. Rc2 Bxa6 16. Qxa6 cxd4 17. exd4 Nf6 18. Rc7 Ne4 19. Nb3 Rfc8 20. Rfc1 Nd6 21. Rxc8+ Rxc8 22. Rxc8+ Qxc8 23. Qxc8+ Nxc8 24. Na1 Kf8 25. Nc2 Ke7 26. Kf1 Kd6 27. Ke2 Ne7 28. Na3 a6 29. Nc2 Nc6 30. Ke3 Ke6 31. h3 Bf6 32. Kd3 Kd6 33. Ng1 Bg7 34. f4 Ke6 35. Nf3 Ne7 36. Ne3 Nc8 37. g4 Nd6 38. Nh4 Ne4 39. f5+ gxf5 40. Nhxf5 Bf6 41. Nxd5 Nf2+ 42. Kc4 b5+ 43. Kc5 Bd8 44. Kc6 {[%emt 0:04:29] Kxd5+} 1-0

[Event "Biel Master Tournament 2019"]
[Site "Biel"]
[Date "2019.07.23"]
[Round "2.10"]
[White "Meins, Gerlef"]
[Black "Tabatabaei, M.amin"]
[Result "0-1"]
[ECO "E97"]
[WhiteElo "2417"]
[BlackElo "2601"]
[Annotator "ChessBase"]
[PlyCount "68"]
[EventDate "2019.07.20"]
[EventType "swiss"]
[EventCountry "SUI"]
[SourceTitle "playchess.com"]
[Source "ChessBase"]
[SourceQuality "1"]
[TimeControl "40/5400+30:1800+30"]

1. d4 Nf6 2. Nf3 g6 3. c4 Bg7 4. Nc3 O-O 5. e4 d6 6. Be2 e5 7. O-O Nc6 8. d5 Ne7 9. b4 a5 10. Ba3 axb4 11. Bxb4 b6 12. a4 Nh5 13. g3 Bh6 14. a5 bxa5 15. Rxa5 Bh3 16. Re1 c5 17. Rxa8 Qxa8 18. Bxc5 dxc5 19. Nxe5 Nf6 20. Nd3 Qa5 21. Qa1 Qxa1 22. Rxa1 Bd2 23. Nb1 Nxe4 24. Bf3 Bc3 25. Nxc3 Nxc3 26. Nxc5 Nf5 27. Ne4 Nd4 28. Bg4 Nde2+ 29. Bxe2 Nxe2+ 30. Kh1 Rc8 31. d6 Bf5 32. f3 Nd4 33. g4 Bxe4 34. fxe4 Ne6 0-1

[Event "Biel Master Tournament 2019"]
[Site "Biel"]
[Date "2019.07.23"]
[Round "2.13"]
[White "Rahul Srivatshav P"]
[Black "Vaibhav, Suri"]
[Result "1/2-1/2"]
[ECO "E94"]
[WhiteElo "2414"]
[BlackElo "2591"]
[Annotator "ChessBase"]
[PlyCount "86"]
[EventDate "2019.07.20"]
[EventType "swiss"]
[EventCountry "SUI"]
[SourceTitle "playchess.com"]
[Source "ChessBase"]
[SourceQuality "1"]
[TimeControl "40/5400+30:1800+30"]

1. c4 e5 2. Nc3 Nf6 3. Nf3 Nc6 4. e4 g6 5. d4 exd4 6. Nxd4 Bg7 7. Nc2 O-O 8. Be2 Re8 9. f3 d6 10. O-O Nh5 11. g4 Nf6 12. Bf4 h5 13. h3 Nh7 14. Qd2 hxg4 15. hxg4 g5 16. Be3 Ne5 17. Kg2 Be6 18. b3 Ng6 19. Nb4 c6 20. Nd3 d5 21. cxd5 cxd5 22. exd5 Bxg4 23. Nc5 Bxc3 24. Qxc3 Nf4+ 25. Bxf4 Rxe2+ 26. Rf2 Bh3+ 27. Kg1 Rxf2 28. Kxf2 gxf4 29. Rg1+ Ng5 30. d6 f6 31. Qc4+ Kg7 32. Qxf4 Rc8 33. Qd4 Kf7 34. Qd5+ Kf8 35. d7 Rc7 36. Qd6+ Kf7 37. Qd5+ Kf8 38. Qd6+ Kf7 39. Qd5+ Kf8 40. Qd6+ Kf7 41. Qd5+ Kf8 42. Qd6+ Kf7 43. Qd5+ Kf8 1/2-1/2

[Event "Biel Master Tournament 2019"]
[Site "Biel"]
[Date "2019.07.23"]
[Round "2.14"]
[White "Haimovich, Tal"]
[Black "Antipov, Mikhail Al."]
[Result "0-1"]
[ECO "D94"]
[WhiteElo "2379"]
[BlackElo "2582"]
[Annotator "ChessBase"]
[PlyCount "70"]
[EventDate "2019.07.20"]
[EventType "swiss"]
[EventCountry "SUI"]
[SourceTitle "playchess.com"]
[Source "ChessBase"]
[SourceQuality "1"]
[TimeControl "40/5400+30:1800+30"]

1. d4 Nf6 2. c4 g6 3. Nc3 d5 4. cxd5 Nxd5 5. Nf3 Bg7 6. e3 O-O 7. Bd2 c5 8. Qb3 Nb4 9. a3 Be6 10. Qd1 N4a6 11. Nb5 Qb6 12. b4 cxd4 13. Nfxd4 Bd7 14. a4 Bxb5 15. axb5 Bxd4 16. exd4 Nc7 17. Be3 Nxb5 18. d5 Qd6 19. Qb3 Nc7 20. Rd1 Nba6 21. Rd4 Rfd8 22. h4 Nxd5 23. Bxa6 bxa6 24. h5 e5 25. Rd2 Qxb4 26. Qxb4 Nxb4 27. hxg6 fxg6 28. Ke2 Nd5 29. Rc1 Kf7 30. Bg5 Rd7 31. Rc5 Ke6 32. Ra2 Rd6 33. Kf3 Rf8+ 34. Ke4 Rf5 35. Bc1 Nf6+ {[%emt 0:00:05] Kd4} 0-1